 Dungeon Crawl Stone Soup version 0.31-a0-920-g28cbb04a8c (webtiles) character file.

Game seed: 18266325011219045541

351354 Monkooky the Skinwalker (level 21, 0/160 HPs)
             Began as a Vampire Shapeshifter on Sept 25, 2023.
             Was the Champion of Cheibriados.
             Slain by a frost giant
             ... wielding a +2 battleaxe of freezing
              (1 damage)
             ... on level 5 of the Vaults on Oct 17, 2023.
             The game lasted 02:41:33 (46975 turns).

Monkooky the Skinwalker (Vampire Shapeshifter)     Turns: 46975, Time: 02:41:34

Health: 0/160      AC: 12    Str: 34    XL:     21   Next: 29%
Magic:  30/30      EV: 51    Int: 30    God:    Cheibriados [******]
Gold:   2338       SH:  0    Dex: 38    Spells: 3/28 levels left

rFire   . . .        q - melded +9 trident (distort)
rCold   . . .        (shield currently unavailable)
rNeg    . . .        (body armour currently unavailable)
rPois   ∞            (helmet currently unavailable)
rElec   +            (cloak currently unavailable)
rCorr   .            (gloves currently unavailable)
SInv    +            (boots currently unavailable)
Will    ++...        Q - amulet of Unegguof {Acrobat Int+3}
Stlth   ++++++       s - +4 ring of slaying
HPRegen 0.66/turn    I - +6 ring of dexterity
MPRegen 0.22/turn

%: acrobat
@: storm-form, wereblooded, attractive, flying, healing quickly, very slow
A: cleaving, insubstantial, flying, alive, (fangs 3), see invisible, vampiric 2,
dopey 1
}: 2/15 runes: barnacled, gossamer
a: Exsanguinate, Blinkbolt, Begin Untransformation, Renounce Religion, Bend
Time, Temporal Distortion, Slouch, Step From Time


You were on level 5 of the Vaults.
You worshipped Cheibriados.
Cheibriados was exalted by your worship.
You were a lightning-filled tempest!
You visited 7 branches of the dungeon, and saw 37 of its levels.
You also visited: Gauntlet, Ice Cave and Volcano.

You collected 4753 gold pieces.
You spent 2415 gold pieces at shops.

Inventory:

Hand Weapons
 q - a +9 trident of distortion (melded)
Missiles
 a - 13 curare-tipped darts
 p - 4 throwing nets
Jewellery
 s - a +4 ring of slaying (left fist)
 u - a ring of protection from cold
 A - a ring of protection from fire
 G - a +6 ring of strength
 I - a +6 ring of dexterity (right fist)
 L - a ring of positive energy
 Q - the amulet of Unegguof (around neck) {Acrobat Int+3}
   (You found it on level 2 of the Lair of Beasts)

   [amulet of the acrobat]

   Acrobat:   It increases your evasion while moving and waiting.
   Int+3:     It affects your intelligence (+3).
 Y - a +6 ring of intelligence
 Z - a ring of willpower
Talismans
 k - a blade talisman
 y - a storm talisman (active)
Wands
 c - a wand of mindburst (15)
 x - a wand of paralysis (41)
 C - a wand of iceblast (15)
 K - a wand of acid (12)
 O - a wand of digging (5)
Scrolls
 g - 2 scrolls of butterflies
 j - 6 scrolls of fog
 l - 4 scrolls of silence
 m - 3 scrolls of revelation
 r - 4 scrolls of amnesia
 v - 5 scrolls of vulnerability
 w - 2 scrolls of fear
 D - 8 scrolls of blinking
 F - 3 scrolls of poison
 J - 11 scrolls of teleportation
 R - 2 scrolls of torment
 T - 5 scrolls of immolation
Potions
 b - 9 potions of lignification
 e - 20 potions of curing
 h - 6 potions of brilliance
 i - a potion of attraction
 n - 9 potions of heal wounds
 t - 3 potions of enlightenment
 B - 8 potions of ambrosia
 E - 3 potions of invisibility
 M - 3 potions of cancellation
 N - 8 potions of might
 V - 4 potions of mutation
 W - 2 potions of resistance
Miscellaneous
 d - a sack of spiders
 f - a condenser vane
 o - a phantom mirror
 U - a phial of floods
 X - a lightning rod (4/4)


   Skills:
 - Level 12.4 Fighting
 - Level 6.7(10.9) Axes
 - Level 13.3(14.0) Polearms
 - Level 13.1 Dodging
 - Level 11.2 Stealth
 - Level 12.5 Unarmed Combat
 - Level 4.2 Spellcasting
 - Level 16.0 Hexes
 + Level 5.5 Translocations
 - Level 7.1 Transmutations
 - Level 3.2 Air Magic
 - Level 12.0 Invocations
 - Level 6.0 Evocations
 - Level 23.0 Shapeshifting


You had 3 spell levels left.
You knew the following spells:

 Your Spells              Type           Power      Damage    Failure   Level
a - Lesser Beckoning      Tloc           78%        N/A       1%          2
b - Yara's Violent Unrav  Hex/Tmut       33%        3d14      1%          5
c - Vhi's Electric Charg  Tloc/Air       64%        N/A       11%         4
d - Wereblood             Tmut           49%        N/A       1%          2
e - Apportation           Tloc           78%        N/A       1%          1
f - Enfeeble              Hex            40%        N/A       8%          7
g - Manifold Assault      Tloc           39%        N/A       6%          4

Your spell library contained the following spells:

 Spells                   Type           Power      Damage    Failure   Level
 Jinxbite                 Hex            100%       N/A       0%          2
 Sting                    Tmut/Pois      100%       1d8       1%          1
 Confusing Touch          Hex            80%        N/A       1%          3
 Dazzling Flash           Conj/Hex       100%       N/A       1%          3
 Gell's Gravitas          Tloc           39%        N/A       1%          3
 Inner Flame              Hex/Fire       53%        N/A       1%          3
 Sigil of Binding         Hex            80%        N/A       1%          3
 Teleport Other           Tloc           39%        N/A       1%          3
 Tukima's Dance           Hex            80%        N/A       1%          3
 Poisonous Vapours        Pois/Air       32%        N/A       4%          2
 Static Discharge         Conj/Air       32%        2-4/arc   4%          2
 Foxfire                  Conj/Fire      24%        2x1d5     6%          1
 Kiss of Death            Conj/Necr      24%        2d7       6%          1
 Magic Dart               Conj           24%        1d4       6%          1
 Necrotise                Necr           24%        1d5       6%          1
 Cigotuvi's Dreadful Rot  Necr/Pois/Air  24%        N/A       6%          2
 Ignite Poison            Fire/Tmut/Pois 20%        N/A       7%          3
 Scorch                   Fire           12%        2d5       10%         2
 Searing Ray              Conj           12%        2d4       10%         2
 Mephitic Cloud           Conj/Pois/Air  12%        N/A       12%         3
 Call Canine Familiar     Summ           6%         N/A       19%         3
 Frozen Ramparts          Ice            12%        1d2       19%         3
 Vampiric Draining        Necr           6%         2d6       19%         3
 Dimensional Bullseye     Hex/Tloc       31%        N/A       1%          4
 Fulminant Prism          Conj/Hex       26%        3d14      2%          4
 Leda's Liquefaction      Hex/Erth       26%        N/A       2%          4
 Silence                  Hex/Air        29%        N/A       3%          5
 Metabolic Englaciation   Hex/Ice        26%        N/A       6%          5
 Petrify                  Tmut/Erth      27%        N/A       14%         4
 Airstrike                Air            12%        2d(2-18)  17%         4
 Iskenderun's Mystic Bla  Conj/Tloc      23%        2d6       21%         4
 Summon Lightning Spire   Summ/Air       16%        N/A       32%         4
 Alistair's Intoxication  Tmut/Pois      18%        N/A       38%         5
 Irradiate                Conj/Tmut      13%        3d16      38%         5
 Dispel Undead            Necr           6%         3d8       54%         4
 Flame Wave               Conj/Fire      6%         2d5       54%         4
 Olgreb's Toxic Radiance  Pois           6%         N/A       54%         4
 Arcjolt                  Conj/Air       8%         1d18      65%         5
 Dispersal                Tloc           19%        N/A       69%         6
 Freezing Cloud           Conj/Ice/Air   6%         6-21      75%         5
 Agony                    Necr           6%         N/A       87%         5
 Iskenderun's Battlesphe  Conj           6%         2d6       87%         5
 Plasma Beam              Fire/Air       8%         2x1d18    99%         6
 Bombard                  Conj/Erth      3%         9d1       100%        6
 Starburst                Conj/Fire      3%         6d3       100%        6
 Summon Cactus Giant      Summ           3%         N/A       100%        6
 Spellforged Servitor     Conj/Summ      3%         N/A       100%        7
 Disjunction              Tloc           19%        N/A       100%        8
 Maxwell's Capacitive Co  Air            12%        ∞         100%        8
 Sublimation of Blood     Necr           Unusable   N/A       N/A         2
 Death's Door             Necr           Unusable   N/A       N/A         9

Dungeon Overview and Level Annotations

Branches:
Dungeon (15/15)            Temple (0/1) D:5            Lair (5/5) D:9
 Shoals (4/4) Lair:3       Spider (4/4) Lair:3        Slime (0/5) Lair:4
    Orc (2/2) D:10            Elf (2/3) Orc:2        Vaults (5/5) D:13
  Crypt (0/3) Vaults:2     Depths (0/4) D:15          IceCv (visited)
Volcano (visited)         Gauntlet (visited)

Altars:
Cheibriados
Fedhas
Kikubaaqudgha
Okawaru
Sif Muna
Vehumet
Yredelemnul
Jiyva

Shops:
Orc:2 ([(:   Elf:2 ==:   Vaults:3 !   Vaults:4 *(

Annotations:
D:4 2 transporters, exclusion: downstairs, gribnar's ghost, amateur OpSh
D:5 exclusion: 2 downstairs
D:6 1 runed translucent door, Crazy Yiuf
Lair:3 exclusion: downstairs
Lair:4 1 runed translucent door
Shoals:3 exclusion: 2 doors
Shoals:4 2 exclusions
Elf:2 3 runed translucent doors


Innate Abilities, Weirdness & Mutations

You are a lightning-filled tempest!
Your electrical attacks strike out in all directions at once.
You are incredibly evasive.
Your insubstantial body is immune to petrification, constriction, and being set on fire You are flying.
Your armour is entirely melded.
You are incapable of wielding weapons or throwing items.
Your natural rate of healing is accelerated.
((You have razor-sharp teeth.))
You have supernaturally acute eyesight. (SInv)
You are afflicted with vampirism and can become a bat while bloodless.
You are dopey. (Int -2)


Message History

The iron dragon completely misses you. The iron dragon closely misses you.
The iron dragon completely misses you.
The frost giant is attracted toward you.
You barely miss the iron dragon. You punch the iron dragon!
The iron dragon is severely wounded.
You blast the frost giant!!!
Lightning courses through the frost giant!
You hear a shout!
The frost giant hits you with a +2 battleaxe of freezing.
* * * LOW HITPOINT WARNING * * *
The frost giant freezes you.
* * * LOW HITPOINT WARNING * * *
The iron dragon completely misses you. x3
You hit the frost giant but do no damage.
Lightning courses through the frost giant!
The frost giant is severely wounded.
You blast the iron dragon!!!
You feel a bit better.
You kill the iron dragon!
Unknown command.
You blast the yaktaur captain!!!
Lightning courses through the yaktaur captain!!
The yaktaur captain is severely wounded.
You hit the frost giant but do no damage.
You bellow as the wereblood boils in your veins!
A vault warden comes into view.
It is wielding a +3 great sword of electrocution.
The frost giant hits you with a +2 battleaxe of freezing!
* * * LOW HITPOINT WARNING * * *
The frost giant freezes you.
* * * LOW HITPOINT WARNING * * *
The yaktaur captain unwields a +0 arbalest.
The yaktaur captain hits you!
* * * LOW HITPOINT WARNING * * *
The vault warden is attracted toward you.
You completely miss the frost giant. You punch the frost giant!!
The frost giant is almost dead.
You batter the yaktaur captain!!
The frost giant hits you with a +2 battleaxe of freezing!!
* * * LOW HITPOINT WARNING * * *
The frost giant freezes you.
You die...

,*,,,,*,* *,**,,,,,,,,,,,*#.###.#
,*,,,,*,***,*,,*********,,#.###.#
,*,,,,*,,,,,*,**,,,,,,,**,#.....#
,*,,,,*,***,*,*,,,,,,,,,*,#.###.#
,*,,,,*,* *,*,,,,,,,,,,,,,#.###.#
,*,,,,*,***,#,*,,,,,,,,,*,#.###.#
,*,,,,*,,,,,#§**,,,,,,,**,#.....#
,*,,,,*,***,#.p#########..#.###.#
,*,,,,*,* *,*#ccvC.......##.###.#
,*,,,,*,***,,######§######..###.#
,*,,,,*,,,,,....................#
,*,,,,*,***,###.###.###.###.###.#
,*,,,,*,***,* *,* #.# #.# #.###.#
,*,,,,*,,**,***,*##.###.###.##).#
,,,,,,,,,,,,,,,,...............).
,,,,,,,,********###############..
,,,,,,,,,,,,,,^,,,,,,,,,,,,,.....


You could see a frost giant, a vault warden, a yaktaur captain and a yaktaur.

Vanquished Creatures
  Margery (Vaults:4)
  A quicksilver dragon (Vaults:5)
  3 sphinxes
  A titan (Vaults:5)
  Frances (D:14)
  A kraken (Shoals:4)
  An ancient champion (Vaults:2)
  5 emperor scorpions
  2 deep elf sorcerers
  2 frost giants (Vaults:5)
  15 vault wardens
  3 ghost moths
  An iron dragon (Vaults:5)
  15 ironbound preservers
  A formless jellyfish (Vaults:2)
  5 war gargoyles
  A stone giant (Vaults:5)
  2 broodmothers (Spider:4)
  4 ironbound thunderhulks
  Nessos (D:14)
  A vampire knight (D:13)
  A spark wasp (Spider:4)
  21 dire elephants
  A minotaur (Gauntlet)
  8 merfolk impalers
  10 yaktaur captains
  2 fire dragons
  3 merfolk javelineers
  An entropy weaver (Vaults:4)
  3 hydras
  9 great orbs of eyes
  10 vault guards
  9 ironbound frosthearts
  3 radroaches
  2 peacekeepers
  4 merfolk avatars
  A jorogumo (Spider:4)
  7 centaur warriors
  3 boulder beetles
  2 alligator snapping turtles (Shoals:4)
  5 two-headed ogres
  6 death scarabs (Spider:4)
  A catoblepas (D:14)
  4 merfolk aquamancers
  15 dancing weapons
  A deep troll earth mage (Vaults:3)
  5 orc high priests
  6 demonic crawlers
  A spectral emperor scorpion (Spider:4)
  2 tengu warriors (D:15)
  Urug (Lair:5)
  7 deep elf knights
  3 hell knights (Vaults:4)
  8 skysharks
  A fire crab (Gauntlet)
  11 pharaoh ants
  6 skeletal warriors
  37 deep trolls
  6 sea snakes
  3 orb spiders
  A bog body (IceCv)
  34 harpies
  6 steelbarb worms
  A phantasmal warrior (Vaults:5)
  19 ironbound convokers
  9 deep elf archers
  A broodmother zombie (Spider:4)
  6 necromancers
  7 lindwurms
  10 occultists
  4 orc knights (Orc:2)
  19 deep elf zephyrmancers
  14 wolf spiders
  15 deep elf pyromancers
  29 ugly things
  14 fauns
  12 orc sorcerers
  13 manticores
  4 moths of wrath
  A stone giant skeleton (Vaults:3)
  17 vault sentinels
  2 spectral centaurs (D:13)
  13 merfolk sirens
  11 cyclopes
  Maurice (Orc:2)
  A guardian serpent (Elf:2)
  22 elephants
  11 black mambas
  2 centaur zombies (D:13)
  A worldbinder (Gauntlet)
  5 water nymphs
  2 torpor snails (Lair:3)
  2 ice statues (IceCv)
  A minotaur zombie (Gauntlet)
  11 cane toads
  3 centaur skeletons (D:13)
  5 molten gargoyles
  Jeremiah (D:9)
  11 komodo dragons
  2 gargoyles (D:12)
  3 rime drakes
  12 freezing wraiths
  A spectral redback (Spider:4)
  2 anaconda simulacra (IceCv)
  2 kobold demonologists
  2 spectral deep trolls (D:13)
  31 yaktaurs
  5 ice devils (IceCv)
  3 human skeletons
  34 merfolk
  A merfolk (shapeshifter) (Vaults:3)
  5 wind drakes
  3 trolls
  A hornet (shapeshifter) (Elf:2)
  2 spectral culicivoras (Spider:4)
  3 polar bears
  20 tarantellas
  3 spectral jumping spiders (Spider:4)
  3 spectral tarantellas (Spider:4)
  A tarantella zombie (Spider:4)
  2 jumping spider zombies (Spider:4)
  24 dream sheep
  A meliai zombie (D:13)
  13 snapping turtles
  26 blink frogs
  A stone giant simulacrum (Vaults:3)
  3 centaur simulacra
  21 jumping spiders
  A flying skull (D:13)
  20 slime creatures
  A fire giant simulacrum (Vaults:1)
  A culicivora zombie (Spider:4)
  3 air elementals
  4 shadows
  73 yaks
  4 wraiths
  A dire elephant simulacrum (IceCv)
  8 water elementals
  11 culicivoras
  12 fire bats
  Eustachio (D:6)
  4 basilisks
  3 vampires (D:13)
  8 wyverns
  2 steam dragons
  46 redbacks
  An ogre zombie (Vaults:3)
  3 wargs
  A glowing shapeshifter zombie (Vaults:1)
  2 vampire mosquitoes (D:14)
  3 human zombies (Vaults:3)
  2 harpy simulacra (IceCv)
  2 acid dragons
  15 water moccasins
  5 hydra simulacra (IceCv)
  A glowing shapeshifter skeleton (Vaults:1)
  10 hell hounds
  15 orc warriors
  3 sky beasts
  2 ice beasts
  4 black bears
  2 ice dragon simulacra (D:13)
  15 wolves
  4 ogres
  11 boggarts
  4 centaurs
  A phantom (D:5)
  11 bullfrogs
  A kobold brigand (D:8)
  2 gnoll sergeants
  An earth elemental (Elf:1)
  A cane toad simulacrum (IceCv)
  7 scorpions
  A two-headed ogre simulacrum (IceCv)
  2 deep troll simulacra (D:13)
  6 killer bees (D:10)
  2 howler monkeys
  10 lava snakes
  13 orc priests
  4 hounds
  3 jellies
  2 gnoll boudas
  6 iguanas
  2 sleepcaps
  20 orc wizards
  A troll simulacrum (IceCv)
  A wolf simulacrum (IceCv)
  A mummy (D:3)
  19 gnolls
  6 adders
  3 white imps
  3 ufetubi
  3 worms
  4 dart slugs
  56 orcs
  5 ball pythons
  5 endoplasms
  2 giant cockroaches
  8 goblins
  5 hobgoblins
  12 jackals
  12 kobolds
  4 bats
  5 rats
  3 tentacles (Shoals:4)
1428 creatures vanquished.

Vanquished Creatures (collateral kills)
  A culicivora (Spider:2)
1 creature vanquished.

Vanquished Creatures (others)
  A deep elf knight (Elf:1)
  A deep troll (Vaults:3)
  An occultist (Vaults:4)
  2 deep elf zephyrmancers (Elf:2)
  A frost giant skeleton (Vaults:3)
  An orc wizard (Orc:2)
  7 tentacles (Shoals:4)
14 creatures vanquished.

Grand Total: 1443 creatures vanquished

Notes
Turn   | Place    | Note
-------+----------+-------------------------------------------
     0 | D:1      | Monkooky the Vampire Shapeshifter began the quest for the
                  | Orb.
     0 | D:1      | Reached XP level 1. HP: 14/14 MP: 1/1
   552 | D:1      | Reached XP level 2. HP: 20/20 MP: 2/2
   588 | D:1      | Reached skill level 4 in Shapeshifting
   898 | D:2      | Gained mutation: You are afflicted with vampirism and can
                  | become a bat while bloodless. [Vampire growth]
   898 | D:2      | Reached XP level 3. HP: 16/25 MP: 3/3
  1802 | D:3      | Reached skill level 1 in Axes
  1818 | D:3      | Reached XP level 4. HP: 31/31 MP: 4/4
  2145 | D:3      | Found a shimmering blue altar of Sif Muna.
  2171 | D:3      | Found a snail-covered altar of Cheibriados.
  2181 | D:3      | Became a worshipper of Cheibriados the Contemplative
  2439 | D:4      | Found a blossoming altar of Fedhas.
  2455 | D:4      | Found an ancient bone altar of Kikubaaqudgha.
  2619 | D:4      | Found a transporter.
  2628 | D:4      | Noticed gribnar's ghost (amateur OpSh)
  2679 | D:4      | Reached XP level 5. HP: 36/36 MP: 5/5
  2740 | D:4      | Found a transporter.
  3040 | D:4      | Identified the -1 pair of boots of Curiosity {rElec rC-
                  | Int+3 Slay+5}
  3100 | D:5      | Entered Level 5 of the Dungeon
  3104 | D:5      | Noticed a phantom
  3192 | D:5      | Reached * piety under Cheibriados
  3212 | D:5      | Reached XP level 6. HP: 25/42 MP: 6/6
  3354 | D:5      | Learned a level 2 spell: Lesser Beckoning
  3409 | D:5      | Reached skill level 5 in Axes
  3525 | D:5      | Noticed an ice beast
  3540 | D:5      | Killed an ice beast
  3541 | D:5      | Reached XP level 7. HP: 47/47 MP: 3/7
  3696 | D:5      | Found a staircase to the Ecumenical Temple.
  4026 | D:6      | Reached ** piety under Cheibriados
  4027 | D:6      | Reached skill level 1 in Translocations
  4128 | D:6      | Reached skill level 1 in Evocations
  4141 | D:6      | Reached skill level 1 in Fighting
  4160 | D:6      | Noticed Eustachio
  4168 | D:6      | Reached XP level 8. HP: 34/55 MP: 5/8
  4191 | D:6      | Killed Eustachio
  4422 | D:6      | Reached skill level 1 in Polearms
  4694 | D:6      | Found a runed translucent door.
  4695 | D:6      | Noticed Crazy Yiuf
  4872 | D:7      | Noticed a two-headed ogre
  4881 | D:7      | Killed a two-headed ogre
  4882 | D:7      | Reached skill level 5 in Fighting
  4882 | D:7      | Reached XP level 9. HP: 26/69 MP: 9/9
  4984 | D:7      | Reached skill level 5 in Polearms
  4987 | D:7      | Reached *** piety under Cheibriados
  5268 | D:7      | Identified the +1 plate armour of Mituk {Harm Dex+2}
  5679 | D:8      | Reached XP level 10. HP: 79/79 MP: 10/10
  6331 | D:9      | Noticed a two-headed ogre
  6340 | D:9      | Killed a two-headed ogre
  6363 | D:9      | Reached **** piety under Cheibriados
  6440 | D:9      | Reached skill level 1 in Invocations
  6542 | D:9      | Found an iron altar of Okawaru.
  6657 | D:9      | Noticed Jeremiah
  6667 | D:9      | Killed Jeremiah
  6846 | D:9      | Found a staircase to the Lair.
  6921 | Lair:1   | Entered Level 1 of the Lair of Beasts
  6921 | Lair:1   | Noticed an elephant
  6921 | Lair:1   | Noticed an elephant
  6922 | Lair:1   | Noticed an elephant
  6922 | Lair:1   | Noticed an elephant
  6924 | Lair:1   | Noticed an elephant
  6925 | Lair:1   | Noticed an elephant
  6934 | D:9      | Killed an elephant
  6967 | D:10     | Entered Level 10 of the Dungeon
  6967 | D:10     | Found a staircase to the Orcish Mines.
  7144 | D:10     | Reached skill level 5 in Invocations
  7223 | D:10     | Reached ***** piety under Cheibriados
  7504 | D:10     | Found a basalt altar of Yredelemnul.
  7801 | D:9      | Banished an elephant
  7802 | D:9      | Reached XP level 11. HP: 64/84 MP: 15/15
  8084 | Lair:1   | Noticed an eight-headed hydra
  8089 | Lair:1   | Banished an eight-headed hydra
  9024 | Lair:1   | Upgraded the game from 0.31-a0-819-gf6de2f5ab6 to
                  | 0.31-a0-889-g1a8549509d
  9107 | Lair:2   | Reached skill level 10 in Invocations
  9316 | Lair:2   | Reached XP level 12. HP: 39/91 MP: 16/20
  9318 | Lair:2   | Reached skill level 5 in Dodging
  9637 | Lair:2   | Reached skill level 10 in Polearms
 10097 | Lair:2   | Identified the amulet of Unegguof {Acrobat Int+3}
 10617 | Lair:3   | Found a hole to the Spider Nest.
 10740 | Lair:3   | Identified the orb "Woluno" {*Rage, +Inv rN+ Int+3 SInv}
 10854 | Lair:3   | Reached XP level 13. HP: 96/96 MP: 21/21
 10907 | Lair:3   | Identified the +3 ring mail of Yesterday {Will+ Slay+3}
 10918 | Lair:3   | Found a dark tunnel.
 10925 | Volcano  | Entered a volcano
 11069 | Volcano  | Found a burning altar of Makhleb.
 11075 | Volcano  | Reached ****** piety under Cheibriados
 11167 | Volcano  | Noticed a fire dragon
 11175 | Volcano  | Killed a fire dragon
 11785 | Lair:3   | Reached skill level 5 in Evocations
 11862 | Lair:3   | Found a staircase to the Shoals.
 11918 | Lair:3   | Reached skill level 1 in Stealth
 12233 | Lair:3   | Reached skill level 5 in Stealth
 12577 | Lair:3   | Identified the +10 dire flail of Terror {heavy, rN+ Will+
                  | Str-3}
 12725 | Lair:4   | Found a runed translucent door.
 12735 | Lair:4   | Found a viscous altar of Jiyva.
 12735 | Lair:4   | Found a staircase to the Slime Pits.
 12735 | Lair:4   | Noticed an azure jelly
 13408 | Lair:5   | Entered Level 5 of the Lair of Beasts
 13482 | Lair:5   | Reached XP level 14. HP: 104/104 MP: 23/23
 13595 | Lair:5   | Noticed Urug
 13609 | Lair:5   | Killed Urug
 14269 | Lair:5   | Identified the +0 chain mail "Nisiliyfa" {+Inv rCorr}
 15155 | Lair:5   | Found a large runed translucent door.
 15155 | Lair:5   | Found a large runed translucent door.
 15832 | D:11     | Reached skill level 10 in Fighting
 15923 | Orc:1    | Entered Level 1 of the Orcish Mines
 15970 | Orc:1    | Reached skill level 10 in Dodging
 16319 | Orc:2    | Entered Level 2 of the Orcish Mines
 16412 | Orc:2    | Found a staircase to the Elven Halls.
 16589 | Orc:2    | Noticed Maurice
 16614 | Orc:2    | Killed Maurice
 16781 | Orc:2    | Found a radiant altar of Vehumet.
 17044 | Orc:2    | Reached XP level 15. HP: 61/117 MP: 24/24
 17146 | Orc:2    | Found Celeg's Book Emporium.
 17146 | Orc:2    | Found Dexkurip's Antique Weapon Boutique.
 17148 | Orc:2    | Found Losed's Antique Armour Emporium.
 17148 | Orc:2    | Found Zogrodi's Weapon Boutique.
 18012 | D:12     | Found a frozen archway.
 18020 | IceCv    | Entered an ice cave
 18798 | Orc:2    | Learned a level 5 spell: Yara's Violent Unravelling
 18918 | D:12     | Reached skill level 1 in Hexes
 18944 | D:12     | Identified the +8 dagger "Ymir Hatari" {holy, Fly}
 19147 | D:12     | Reached skill level 1 in Spellcasting
 19499 | D:13     | Reached skill level 1 in Transmutations
 19565 | D:13     | Found a gate leading to a gauntlet.
 19575 | D:13     | Reached skill level 5 in Hexes
 19582 | D:13     | Got a sooty book
 19589 | Gauntlet | Entered a Gauntlet
 19589 | Gauntlet | Found a transporter.
 19589 | Gauntlet | Found a transporter.
 19593 | Gauntlet | Found a transporter.
 19593 | Gauntlet | Found a transporter.
 19602 | Gauntlet | Found a transporter.
 19626 | Gauntlet | Found a transporter.
 19631 | Gauntlet | Found a transporter.
 19634 | Gauntlet | Found a transporter.
 19655 | Gauntlet | Found a transporter.
 19664 | Gauntlet | Found a transporter.
 19678 | Gauntlet | Found a transporter.
 19696 | Gauntlet | Found a transporter.
 19742 | Gauntlet | Found a transporter.
 19758 | Gauntlet | Found a transporter.
 19858 | Gauntlet | Found a transporter.
 19880 | Gauntlet | Found a transporter.
 20057 | Gauntlet | Identified the +0 helmet "Pippuox" {+Blink Str+3 Int-2}
 20093 | Gauntlet | Identified the +1 trident of Zuot {heavy, Drain rElec rN+
                  | Int+2}
 20235 | D:13     | Found a gate to the Vaults.
 20985 | D:13     | Found an ancient bone altar of Kikubaaqudgha.
 21554 | Orc:2    | Bought a manual of Shapeshifting for 1280 gold pieces
 21734 | D:14     | Reached skill level 5 in Shapeshifting
 21865 | D:14     | Reached XP level 16. HP: 126/126 MP: 25/25
 21869 | D:14     | Reached skill level 6 in Shapeshifting
 22129 | D:14     | Reached skill level 7 in Shapeshifting
 22201 | D:14     | Reached skill level 8 in Shapeshifting
 22275 | D:14     | Reached skill level 9 in Shapeshifting
 22486 | D:14     | Noticed Nessos
 22505 | D:14     | Killed Nessos
 22516 | D:14     | Noticed Frances
 22695 | D:14     | Killed Frances
 22696 | D:14     | Reached skill level 10 in Shapeshifting
 22805 | D:15     | Entered Level 15 of the Dungeon
 23126 | D:15     | Found a staircase to the Depths.
 23129 | D:15     | Reached skill level 11 in Shapeshifting
 23301 | D:15     | Learned a level 4 spell: Vhi's Electric Charge
 23691 | Spider:1 | Entered Level 1 of the Spider Nest
 23722 | Spider:1 | Reached skill level 12 in Shapeshifting
 23984 | Spider:1 | Reached skill level 13 in Shapeshifting
 24114 | Shoals:1 | Entered Level 1 of the Shoals
 24366 | Shoals:1 | Reached skill level 14 in Shapeshifting
 24480 | Shoals:1 | Reached skill level 15 in Shapeshifting
 24498 | Shoals:1 | Reached skill level 1 in Air Magic
 24855 | Orc:2    | Bought a pair of gloves for 130 gold pieces
 27455 | Spider:2 | Gained mutation: You are dopey. (Int -2) [you]
 27505 | Spider:2 | Reached XP level 17. HP: 54/132 MP: 26/26
 28009 | Spider:2 | Identified the +0 robe of Qazlal's Generosity {rElec Will+}
 28075 | Spider:3 | Reached skill level 16 in Shapeshifting
 28919 | Spider:4 | Entered Level 4 of the Spider Nest
 29247 | Spider:4 | Reached skill level 5 in Unarmed Combat
 29989 | Shoals:2 | Learned a level 2 spell: Wereblood
 30031 | Shoals:2 | Reached skill level 17 in Shapeshifting
 31597 | Shoals:3 | Learned a level 1 spell: Apportation
 31623 | Shoals:3 | Reached skill level 18 in Shapeshifting
 33321 | Spider:4 | Reached skill level 19 in Shapeshifting
 33327 | Spider:4 | Reached XP level 18. HP: 124/138 MP: 27/27
 34352 | Spider:4 | Got a gossamer rune of Zot
 34622 | Shoals:4 | Identified the of Poalom
 34622 | Shoals:4 | Entered Level 4 of the Shoals
 34875 | Shoals:4 | Reached skill level 20 in Shapeshifting
 36227 | Shoals:4 | Got a barnacled rune of Zot
 36536 | Shoals:4 | Identified the staff of Defilement {rPois rC++ Tmut Poison}
 36887 | Shoals:4 | Identified the quicksilver dragon scales of Complete
                  | Protection {rC+ Will+ Int+3 Stlth+}
 37651 | Vaults:1 | Entered Level 1 of the Vaults
 37659 | D:13     | Reached skill level 21 in Shapeshifting
 37835 | Vaults:5 | Identified the "Himnadob"
 37835 | Vaults:5 | Identified the of Bemeruq
 37835 | Crypt:3  | Identified the "Mosoteamn"
 37835 | Elf:1    | Entered Level 1 of the Elven Halls
 38239 | Elf:1    | You are sucked into a shaft and drop 1 floor!
 38239 | Elf:2    | Found a runed translucent gate.
 38239 | Elf:2    | Found a runed translucent gate.
 38239 | Elf:2    | Found a runed translucent gate.
 38554 | Elf:2    | Paralysed by an air elemental for 1 turns
 38634 | Elf:2    | Found Cipno's Jewellery Shop.
 38635 | Elf:2    | Found Najo's Book Emporium.
 38637 | Elf:2    | Found Fimn's Jewellery Shop.
 38699 | Elf:2    | Paralysed by an air elemental for 1 turns
 38930 | Elf:1    | Paralysed by an air elemental for 1 turns
 39183 | Elf:1    | Reached skill level 22 in Shapeshifting
 39208 | Elf:1    | Reached XP level 19. HP: 144/144 MP: 24/28
 39626 | Elf:1    | Found the +0 pair of fencer's gloves {Riposte Dex+3}
 40923 | Vaults:1 | Reached skill level 23 in Shapeshifting
 42018 | Vaults:1 | Reached skill level 10 in Unarmed Combat
 43215 | Vaults:2 | Reached XP level 20. HP: 130/152 MP: 22/29
 43290 | Vaults:2 | Learned a level 7 spell: Enfeeble
 43376 | Vaults:2 | Found a staircase to the Crypt.
 43912 | Vaults:3 | Found Afuativ's Distillery.
 43917 | Vaults:3 | Bought a potion of heal wounds for 75 gold pieces
 43917 | Vaults:3 | Bought 2 potions of heal wounds for 150 gold pieces
 43917 | Vaults:3 | Bought a potion of might for 60 gold pieces
 43917 | Vaults:3 | Bought a potion of heal wounds for 75 gold pieces
 43917 | Vaults:3 | Bought a potion of curing for 45 gold pieces
 43917 | Vaults:3 | Bought 2 potions of heal wounds for 150 gold pieces
 43917 | Vaults:3 | Bought a potion of cancellation for 120 gold pieces
 43917 | Vaults:3 | Bought a potion of might for 60 gold pieces
 44332 | Vaults:3 | Reached skill level 10 in Stealth
 44474 | Vaults:3 | Reached skill level 10 in Hexes
 44690 | Vaults:3 | Identified the +0 plate armour of the Fisher {rPois rC-
                  | rN++ Stlth+}
 45302 | Vaults:4 | Found Xiesun's Assorted Antiques.
 45309 | Vaults:4 | Bought a scroll of blinking for 270 gold pieces
 45610 | Vaults:4 | Reached skill level 15 in Hexes
 45873 | Vaults:4 | Learned a level 4 spell: Manifold Assault
 45883 | Vaults:4 | Reached skill level 5 in Transmutations
 45883 | Vaults:4 | Reached XP level 21. HP: 146/160 MP: 30/30
 45905 | Vaults:4 | Noticed Margery
 45915 | Vaults:4 | Killed Margery
 46373 | Vaults:4 | Found Itzongir's Weapon Boutique.
 46858 | Vaults:4 | Upgraded the game from 0.31-a0-889-g1a8549509d to
                  | 0.31-a0-920-g28cbb04a8c
 46896 | Vaults:5 | Entered Level 5 of the Vaults
 46959 | Vaults:5 | Reached skill level 5 in Translocations
 46975 | Vaults:5 | HP: 1/160 [frost giant/+2 battleaxe of freezing (18)]
 46975 | Vaults:5 | Slain by a frost giant

Illustrated notes

Levels and vault maps discovered:
D:1:      dpeg_arrival_erosion, layout_loops_ring,
          chequers_serial_rivers_large_b, minivault_14
D:2:      layout_basic
D:3:      layout_rooms, nicolae_sif_muna_little_library, chei_slow_surprise
D:4:      dreamdust_elfheim, layout_loops_cross,
          grunt_temple_overflow_growth_and_decay, gammafunk_ghost_gnarly_gnolls
D:5:      layout_gridville, dreamdust_divine_triumvirate,
          minmay_temple_entry_slanted, nicolae_the_louvre
D:6:      layout_rooms, nicolae_water_bricks, grunt_decor_one_mirror,
          uniq_crazy_yiuf_cottage, uniq_eustachio
D:7:      layout_rooms, minmay_misc_feat_tower
D:8:      layout_basic
D:9:      layout_cave_pools, kennysheep_okawaru_gauntlet,
          grunt_lair_entry_orc_guard_hut, uniq_jeremiah
D:10:     layout_irregular_city, yredelemnul_altar_generic, david_orc_2,
          hangedman_abyss_or_decor_stabs
D:11:     hellmonk_crumbling_castle, layout_loops_cross
D:12:     layout_basic, portal_ice_cave_rime
D:13:     lemuel_vampire_tower, layout_loops_ring, david_vaults_2,
          gauntlet_entry_generic
D:14:     layout_irregular_city, uniq_nessos, uniq_frances
D:15:     grunt_enter_depths_snipers, layout_basic, bh_walls_and_bars
Lair:1:   layout_layer_cave
Lair:2:   layout_cave_pods, grunt_megastairs_4
Lair:3:   nzn_winding_woodlands_cross [nzn_winding_woodlands_5x15_split_checker,
          nzn_winding_woodlands_5x15_river_crossing,
          nzn_winding_woodlands_5x15_sidewinder,
          nzn_winding_woodlands_5x15_pool,
          nzn_winding_woodlands_15x15_boxy_spiral], layout_cave_pods,
          nicolae_shoals_entry_roost, nicolae_spider_entry_non_spiders,
          nicolae_volcano_entry_hallway
Lair:4:   layout_misc_corridors, slime_entry_2
Lair:5:   cheibrodos_lair_end_hotspot, layout_layer_cave,
          chequers_serial_rivers_small_a, uniq_urug
Shoals:1: layout_shoals, nicolae_shoals_lost_giant_pillars
Shoals:2: layout_shoals, nicolae_shoals_hunting_party
Shoals:3: layout_shoals, nicolae_shoals_gull_way
Shoals:4: shoals_end_hangedman, layout_shoals
Spider:1: layout_cave_pods
Spider:2: layout_spider_delve, hellmonk_motheaten_closet,
          hangedman_spider_tarantella_strand
Spider:3: layout_spider_delve
Spider:4: floodkiller_spider_rune_tomb, spiders_nest_ghost_moth_duel
Orc:1:    layout_caves
Orc:2:    grunt_orc_tribal_feast, layout_caves, basic_altar, uniq_maurice
Elf:1:    nicolae_elf_arrival_no_cutting_in_line, layout_geoelf_octagon,
          hangedman_elven_crosses_minicolossus
Elf:2:    nicolae_elf_blades_splatter_lattice [nicolae_blade_bullseye],
          layout_geoelf_grid, fake_guardian_serpent_vault, minmay_shop_grove
Vaults:1: nicolae_vaults_network_quinsquares
          [nicolae_vaults_network_quincunx_subvault,
          nicolae_vaults_network_quincunx_subvault,
          nicolae_vaults_network_quincunx_subvault,
          nicolae_vaults_network_quincunx_subvault], vaults_dpeg_ring,
          nicolae_vaults_network_barrier, nicolae_vaults_angled_halls,
          hangedman_vaults_trim, nicolae_vaults_house_2, layout_vaults_omnigrid
Vaults:2: vaults_room_semicircle, nicolae_vaults_meeting,
          minmay_crypt_entry_simple_round, nicolae_vaults_frosty_reception,
          v_misc_11, nicolae_vaults_network_star, v_rooms_3,
          nicolae_vaults_heart-shaped_vault, grunt_vaults_twisty,
          nicolae_vaults_little_squares_5, nicolae_vaults_swerve,
          nicolae_vaults_house_3, layout_vaults_big_cross
Vaults:3: nicolae_vaults_offset_grid_hallway_2, nicolae_vaults_trapezoid_3,
          nicolae_vaults_closet_pinwheel_2, nicolae_vaults_stepped_doors,
          nicolae_vaults_circle_grid_a, v_misc_11, v_misc_8,
          ontoclasm_vaults_claustrophobia, v_alt_pattern_6,
          hangedman_vaults_cutoff, nicolae_vaults_double_plus_2,
          vaults_room_door_ring, nicolae_vaults_closet_pinwheel_1,
          nicolae_vaults_tetromino_Z_2, vaults_room_hallway, layout_vaults_ring,
          serial_shops, nicolae_shop_hallway_plus
Vaults:4: nicolae_vaults_two_Ls, nicolae_vaults_arrows, v_misc_26, v_misc_17,
          nicolae_vaults_weapon_check, nicolae_vaults_little_squares_6,
          nicolae_vaults_taking_the_gang_shopping, layout_vaults_omnibox,
          serial_shops, nicolae_shop_waterfront, uniq_margery
Vaults:5: uniq_mara

Skill      XL: |  1  2  3  4  5  6  7  8  9 10 11 12 13 14 15 16 17 18 19 20 21 |
---------------+----------------------------------------------------------------+-----
Shapeshifting  | 4 5 15 19 22 23 | 23.0
Axes           | 1 3 4 5 6 |  6.7
Translocations | 1 2 5 |  5.5
Evocations     | 3 6 |  6.0
Fighting       | 1 5 7 10 11 12 | 12.4
Polearms       | 4 6 8 12 13 | 13.3
Invocations    | 6 10 12 | 12.0
Dodging        | 4 5 6 11 12 13 | 13.1
Stealth        | 5 11 | 11.2
Hexes          | 9 16 | 16.0
Spellcasting   | 4 |  4.2
Transmutations | 4 5 7 |  7.1
Air Magic      | 3 |  3.2
Unarmed Combat | 6 12 | 12.5

Action                     |  1- 3 |  4- 6 |  7- 9 | 10-12 | 13-15 | 16-18 | 19-21 || total
---------------------------+-------+-------+-------+-------+-------+-------+-------++-------
  Melee: Unarmed           |   102 |   143 |    19 |       |       |   791 |   608 ||  1663
         Bite              |    10 |    22 |    13 |    43 |   144 |   186 |    11 ||   429
         Punch             |     6 |     3 |     8 |     8 |    25 |    57 |    69 ||   176
         Hand axe          |       |    15 |    70 |       |       |       |       ||    85
         Trident           |       |       |   108 |   371 |  1112 |   433 |       ||  2024
  Throw: Dart              |       |       |       |    12 |    22 |     2 |       ||    36
   Cast: Lesser Beckoning  |       |       |     5 |     2 |     4 |    81 |    25 ||   117
         Yara's Violent Un |       |       |       |       |       |    14 |    16 ||    30
         Vhi's Electric Ch |       |       |       |       |       |     1 |     1 ||     2
         Wereblood         |       |       |       |       |       |     1 |     5 ||     6
         Manifold Assault  |       |       |       |       |       |       |     1 ||     1
 Invoke: Bend Time         |       |     1 |     1 |     1 |     1 |       |       ||     4
         Slouch            |       |       |       |     3 |     5 |    16 |     2 ||    26
         Step From Time    |       |       |       |       |       |     4 |       ||     4
         Temporal Distorti |       |       |       |       |       |     1 |       ||     1
Ability: Blinkbolt         |       |       |       |       |       |       |    27 ||    27
  Evoke: Wand              |       |     1 |     6 |     3 |     8 |    72 |     1 ||    91
         Sack of spiders   |       |       |       |       |       |     2 |       ||     2
         Lightning rod     |       |       |       |       |       |     4 |       ||     4
         Phantom mirror    |       |       |       |       |       |     1 |       ||     1
         Condenser vane    |       |       |       |       |       |     1 |       ||     1
    Use: Scroll            |       |     4 |     3 |     3 |    17 |    21 |     3 ||    51
         Potion            |       |       |     5 |     1 |       |     7 |     1 ||    14
   Stab: Sleeping          |     1 |       |       |     4 |    33 |    28 |    11 ||    77
         Paralysed         |       |     5 |    10 |       |       |     2 |       ||    17
         Confused          |       |       |     1 |       |       |       |       ||     1
         Distracted        |       |       |       |     1 |    12 |     6 |     5 ||    24
         Petrifying        |       |       |       |       |     3 |       |       ||     3
         Petrified         |       |       |       |       |     1 |       |       ||     1
 Armour: Animal skin       |    18 |       |       |       |       |       |       ||    18
         Scale mail        |    43 |   126 |    25 |       |       |       |       ||   194
         Skin              |       |       |    26 |       |       |       |   137 ||   163
         Ring mail         |       |       |    68 |   224 |   224 |   541 |    25 ||  1082
  Dodge: Dodged            |    43 |    79 |    84 |   204 |   549 |  1436 |   964 ||  3359
         Form:             |       |     1 |       |       |       |     2 |     1 ||     4
         Blade             |       |       |       |       |       |     4 |       ||     4
         Storm             |       |       |       |       |       |     1 |     2 ||     3

Table legend: (Time is in decaauts)
 A = Elapsed time spent in this place.
 B = Non-inter-level travel time spent in this place.
 C = Inter-level travel time spent in this place.
 D = Time resting spent in this place.
 E = Time spent auto-exploring this place.
 F = Levels seen in this place.
 G = Mean time per level.
                   A        B        C        D        E       F      G
               +--------+--------+--------+--------+--------+-----+--------+
         Total |  71411 |  62018 |   9393 |   6642 |  43483 |  40 | 1785.3 |
       Dungeon |  20524 |  17036 |   3488 |    744 |  13317 |  15 | 1368.3 |
          Lair |  13144 |  10961 |   2183 |   1012 |   8050 |   5 | 2628.8 |
        Shoals |  10005 |   9029 |    976 |   1963 |   5176 |   4 | 2501.2 |
   Spider Nest |   8635 |   7525 |   1110 |   1071 |   5110 |   4 | 2158.8 |
  Orcish Mines |   3211 |   2171 |   1040 |    114 |   1684 |   2 | 1605.5 |
   Elven Halls |   3420 |   3114 |    306 |    531 |   1856 |   2 | 1710.0 |
        Vaults |  10180 |   9893 |    287 |   1005 |   7304 |   5 | 2036.0 |
      Ice Cave |    735 |    735 |      0 |     97 |    362 |   1 |  735.0 |
       Volcano |    502 |    502 |      0 |    102 |      0 |   1 |  502.0 |
      Gauntlet |   1051 |   1051 |      0 |      0 |    622 |   1 | 1051.0 |
               +--------+--------+--------+--------+--------+-----+--------+

Top non-repeatable levels by time:
  Lair:3: 3580 daAuts
  Lair:5: 3318 daAuts
Spider:4: 3161 daAuts
Vaults:1: 3035 daAuts
Shoals:3: 2954 daAuts
Shoals:4: 2939 daAuts
  Lair:2: 2823 daAuts
    D:13: 2720 daAuts
Vaults:4: 2456 daAuts
Vaults:2: 2371 daAuts
  Lair:1: 2238 daAuts
   Orc:2: 2219 daAuts
Vaults:3: 2212 daAuts
Shoals:1: 2134 daAuts
    D:12: 2066 daAuts
